 Dungeon Crawl Stone Soup version 0.20.1-1-g8b1a95d (webtiles) character file.

29662 slep the Cleaver (level 13, -8/110 HPs)
             Began as a Demonspawn Gladiator on Dec 20, 2017.
             Was the Champion of Okawaru.
             Killed from afar by Azrael (25 damage)
             ... with a bolt of fire
             ... on level 14 of the Dungeon.
             The game lasted 01:08:43 (12575 turns).

slep the Cleaver (Demonspawn Gladiator)            Turns: 12575, Time: 01:08:43

Health: -8/110     AC: 16    Str: 17    XL:     13   Next: 16%
Magic:  13/13      EV: 24    Int: 17    God:    Okawaru [******]
Gold:   769        SH: 10    Dex: 19    Spells: 12/12 levels left

rFire    . . .     SeeInvis .   U - +3 broad axe of slep's Gallantry {chop, Int+7}
rCold    + + .     Gourm    .   l - +0 buckler
rNeg     . . .     Faith    .   z - +2 scale mail {rC+}
rPois    +         Spirit   .   b - +2 hat
rElec    .         Reflect  +   V - +2 cloak {MR+}
rCorr    +         Harm     .   X - +0 pair of gloves
MR       +....                  (boots unavailable)
Stlth    ++++......             w - +4 amulet of reflection
Regen    0.3/turn               y - +6 ring of evasion (curse)
MPRegen  0.2/turn               O - ring of resist corrosion

@: repel missiles
A: horns 2, talons 3, repulsion field 3, cold resistance 1, nightstalker 2,
poison resistance, robust 1, screaming 1, spiny 2, strong 1, no potion heal 1
a: Heroism, Finesse, Renounce Religion


You were on level 14 of the Dungeon.
You worshipped Okawaru.
Okawaru was exalted by your worship.
You were not hungry.

You visited 1 branch of the dungeon, and saw 14 of its levels.
You also visited: Ice Cave.

You collected 808 gold pieces.
You spent 39 gold pieces at shops.

Inventory:

Hand Weapons
 D - a +2 hand axe of electrocution
 U - the +3 broad axe of slep's Gallantry (weapon) {chop, Int+7}
   (Okawaru gifted it to you on level 13 of the Dungeon)

   It inflicts extra damage upon your enemies.
   It affects your intelligence (+7).
Missiles
 d - 3 throwing nets
 p - 24 poisoned needles
 L - 175 sling bullets
 W - 7 javelins of returning (quivered)
Armour
 b - a +2 hat (worn)
 e - +0 fire dragon scales
 l - a +0 buckler (worn)
 z - a +2 scale mail of cold resistance (worn)
 N - a scarf of cloud immunity
 V - a +2 cloak of magic resistance (worn)
 X - a +0 pair of gloves (worn)
Jewellery
 a - a +5 ring of strength
 q - an uncursed ring of ice
 w - a +4 amulet of reflection (around neck)
 y - a cursed +6 ring of evasion (left hand)
 G - an uncursed ring of stealth
 O - a ring of resist corrosion (right hand)
Wands
 s - a wand of lightning (6/15)
 t - a wand of random effects (17/48)
 I - a wand of polymorph (16/24)
 T - a wand of paralysis (8/24)
 Y - a wand of flame (25/48)
 Z - a wand of polymorph (6/24)
Scrolls
 g - 7 scrolls of fog
 j - 2 scrolls of amnesia
 m - 9 scrolls of identify
 n - 4 scrolls of enchant armour
 o - a scroll of blinking
 u - 3 scrolls of magic mapping
 v - 4 scrolls of enchant weapon
 x - 7 scrolls of teleportation
 A - 6 scrolls of remove curse
 C - 3 scrolls of fear
 J - 3 scrolls of noise
 M - a scroll of acquirement
 R - a scroll of recharging
Potions
 c - 3 potions of heal wounds
 k - a potion of cancellation
 B - 3 potions of brilliance
 E - 2 potions of agility
 F - 3 potions of lignification
 K - 3 potions of curing
 P - 2 potions of might
 S - a potion of flight
Miscellaneous
 H - a lamp of fire
Comestibles
 f - 8 bread rations
 h - 10 meat rations
 i - 9 royal jellies
 r - 13 fruits
 Q - 5 chunks of flesh


   Skills:
 + Level 8.9 Fighting
 + Level 13.5 Axes
 + Level 4.2 Throwing
 + Level 8.2 Armour
 + Level 6.8 Dodging
 + Level 7.2 Stealth
 + Level 4.1 Shields
 + Level 0.8 Evocations


You had 12 spell levels left.
You didn't know any spells.

Dungeon Overview and Level Annotations

Branches:
Dungeon (14/15)            Temple (0/1) D:4            Lair (0/6) D:8
    Orc (0/2) D:11         Vaults (0/5) D:13

Altars:
Ashenzari
Hepliaklqana
Makhleb
Nemelex Xobeh
Okawaru
Qazlal
Ru
Trog
Vehumet
Xom
Yredelemnul
The Shining One

Shops:
D:4 %   D:5 ?

Annotations:
D:14 Azrael


Innate Abilities, Weirdness & Mutations

You have claws for feet.
You are surrounded by a strong repulsion field. (EV +4, RMsl)
You are significantly more attuned to the shadows.
You are mostly covered in sharp spines.
You have a pair of horns on your head.
Your flesh is cold resistant. (rC+)
Your system is resistant to poisons. (rPois)
You are robust. (+10% HP)
You occasionally shout uncontrollably at your foes.
Your muscles are strong. (Str +2)
Potions are less effective at restoring your health.


Message History

The bolt of fire misses you.
You barely miss Azrael. Your kick misses Azrael. You headbutt Azrael.
Azrael is severely wounded.
Azrael closely misses you.
You barely miss Azrael. Your kick misses Azrael.
Azrael is severely wounded.
Azrael is struck by your spines. Azrael misses you.
You hit Azrael. You headbutt Azrael.
Azrael is severely wounded.
Azrael hits you with a scimitar of flaming.
* * * LOW HITPOINT WARNING * * *
Azrael burns you.
* * * LOW HITPOINT WARNING * * *
You slice Azrael!! You claw Azrael, but do no damage.
Azrael is almost dead.
You barely miss Azrael. You headbutt Azrael, but do no damage.
Azrael is almost dead.
Azrael gestures at you. The bolt of fire hits you!
You die...

#. #. ##+#### ##.###########
#..(........ #..<........§#
#...........###
#....§........§.
'...........'.#
#....§§.....##§§
#.............# #§.......§..# §
#.............####............§
#...............@R....§........
#.............####..........
#.............# #.........
#######+.....## #########
#.##.### #....# ##########'##
.....(..(...# ......∩.....#


You could see Azrael.

Vanquished Creatures
  A vault guard (D:13)
  An ice dragon (D:12)
  A centaur warrior (D:13)
  A death knight (D:14)
  3 two-headed ogres
  A death yak (D:14)
  A tengu warrior (D:12)
  An unseen horror (D:12)
  Pikel (D:9)
  7 ugly things
  A deep elf mage (D:12)
  4 cyclopes
  A manticore (D:11)
  3 ice statues (IceCv)
  Joseph (D:8)
  A tengu conjurer (D:12)
  A merfolk (D:11)
  3 trolls
  4 polar bears
  6 slime creatures
  2 hippogriffs
  A vampire (D:12)
  A water elemental (D:13)
  4 fire elementals (D:14)
  Sigmund (D:2)
  2 wraiths
  A basilisk (D:13)
  30 yaks
  A human (D:11)
  A wyvern (D:10)
  3 wargs (D:8)
  2 water moccasins (D:10)
  2 hell hounds (D:14)
  5 orc warriors
  A slave (D:9)
  8 ice beasts
  2 sky beasts
  A black bear (D:12)
  An eye of draining (D:10)
  2 phantoms
  2 wolves (D:12)
  5 ogres
  10 centaurs
  2 big kobolds
  6 bullfrogs
  2 wyvern skeletons
  A scorpion (D:13)
  4 wights (D:7)
  6 howler monkeys
  A centaur zombie (D:10)
  3 crimson imps
  2 bullfrog zombies (D:5)
  A quasit (D:11)
  3 hounds
  14 orc wizards
  A bullfrog skeleton (D:13)
  Crazy Yiuf (D:7)
  A jelly (D:10)
  7 orc priests
  5 centaur skeletons
  4 iguanas
  7 worker ants
  A hound zombie (D:11)
  A hound skeleton (D:4)
  A howler monkey skeleton (D:6)
  9 adders
  3 shadow imps
  An adder zombie (D:8)
  A worm (D:6)
  3 leopard geckos
  54 orcs
  7 bats
  6 giant cockroaches
  7 goblins
  2 hobgoblins
  11 jackals
  12 kobolds
  A quokka (D:11)
  A ball python (D:6)
  A quokka skeleton (D:5)
  7 rats
  4 fungi (D:13)
335 creatures vanquished.

Vanquished Creatures (others)
  An unseen horror (D:14)
  A butterfly (D:11)
2 creatures vanquished.

Grand Total: 337 creatures vanquished

Notes
Turn   | Place    | Note
-------+----------+-------------------------------------------
     0 | D:1      | slep the Demonspawn Gladiator began the quest for the Orb.
     0 | D:1      | Reached XP level 1. HP: 16/16 MP: 1/1
   272 | D:1      | Gained mutation: You have sharp toenails. [demonic ancestry]
   272 | D:1      | Reached XP level 2. HP: 22/22 MP: 2/2
   836 | D:2      | Reached skill level 3 in Axes
   875 | D:2      | Gained mutation: You have razor-sharp toenails. [demonic ancestry]
   875 | D:2      | Reached XP level 3. HP: 11/28 MP: 3/3
   885 | D:2      | Noticed Sigmund
   895 | D:2      | Killed Sigmund
   895 | D:2      | Reached skill level 4 in Axes
   895 | D:2      | Reached skill level 1 in Armour
   895 | D:2      | Gained mutation: You are slightly more attuned to the shadows. [demonic ancestry]
   895 | D:2      | Reached XP level 4. HP: 7/34 MP: 4/4
   895 | D:2      | Gained mutation: You are partially covered in sharp spines. [demonic ancestry]
   895 | D:2      | Reached XP level 5. HP: 8/39 MP: 5/5
  1413 | D:2      | Found a shimmering altar of Xom.
  1585 | D:3      | Found an iron altar of Okawaru.
  1605 | D:3      | Became a worshipper of Warmaster Okawaru
  1787 | D:3      | Found a glowing golden altar of the Shining One.
  2124 | D:4      | Reached skill level 5 in Axes
  2132 | D:4      | Gained mutation: You are mostly covered in sharp spines. [demonic ancestry]
  2132 | D:4      | Reached XP level 6. HP: 46/46 MP: 6/6
  2398 | D:4      | Found Afrael's Food Emporium.
  2549 | D:4      | Reached skill level 1 in Stealth
  2599 | D:4      | Reached * piety under Okawaru
  2599 | D:4      | Gained mutation: You are surrounded by a mild repulsion field. (EV +2) [demonic ancestry]
  2599 | D:4      | Reached XP level 7. HP: 39/51 MP: 7/7
  2663 | D:4      | Reached skill level 6 in Axes
  2675 | D:4      | Found a staircase to the Ecumenical Temple.
  2855 | D:5      | Entered Level 5 of the Dungeon
  2855 | D:5      | Found Zedousuh's Magic Scroll Emporium.
  2865 | D:5      | Bought a scroll of teleportation for 39 gold pieces
  3722 | D:6      | Gained mutation: You are surrounded by a moderate repulsion field. (EV +3) [demonic ancestry]
  3722 | D:6      | Reached XP level 8. HP: 58/58 MP: 8/8
  3888 | D:6      | Reached ** piety under Okawaru
  4053 | D:6      | Reached skill level 7 in Axes
  4396 | D:6      | Found a stormy altar of Qazlal.
  4600 | D:6      | Found a radiant altar of Vehumet.
  5070 | D:7      | Found a burning altar of Makhleb.
  5097 | D:7      | Got a jewelled whip
  5108 | D:7      | Identified the +4 whip of the Eight Scars {slash, Dex+3} (You found it on level 7 of the Dungeon)
  5179 | D:7      | Reached skill level 8 in Axes
  5209 | D:7      | Found a sacrificial altar of Ru.
  5262 | D:7      | Found a hazy altar of Hepliaklqana.
  5276 | D:7      | Found a basalt altar of Yredelemnul.
  5279 | D:7      | Found a bloodstained altar of Trog.
  5285 | D:7      | Reached XP level 9. HP: 56/65 MP: 9/9
  5289 | D:7      | Reached *** piety under Okawaru
  5412 | D:7      | Found a runed door.
  5416 | D:7      | Noticed Crazy Yiuf
  5420 | D:7      | Killed Crazy Yiuf
  5584 | D:8      | Reached skill level 5 in Armour
  5665 | D:8      | Noticed Joseph
  5677 | D:8      | Killed Joseph
  5677 | D:8      | Received a gift from Okawaru
  5677 | D:8      | Reached skill level 9 in Axes
  5856 | D:8      | Found a staircase to the Lair.
  5874 | D:8      | Reached **** piety under Okawaru
  6202 | D:8      | Gained mutation: Scrolls take you a little longer to read. [mutagenic meat]
  6218 | D:8      | Noticed a two-headed ogre
  6226 | D:8      | Killed a two-headed ogre
  6226 | D:8      | Received a gift from Okawaru
  6226 | D:8      | Reached skill level 5 in Fighting
  6226 | D:8      | Reached skill level 5 in Dodging
  6226 | D:8      | Gained mutation: You are significantly more attuned to the shadows. [demonic ancestry]
  6226 | D:8      | Reached XP level 10. HP: 41/74 MP: 10/10
  6312 | D:9      | Noticed a two-headed ogre
  6322 | D:9      | Killed a two-headed ogre
  6322 | D:9      | Reached skill level 10 in Axes
  6454 | D:9      | Reached ***** piety under Okawaru
  6565 | D:9      | Found a shattered altar of Ashenzari.
  6990 | D:9      | Noticed Pikel
  7007 | D:9      | Killed Pikel
  7007 | D:9      | Received a gift from Okawaru
  7135 | D:10     | Entered Level 10 of the Dungeon
  7268 | D:10     | Found a shimmering altar of Xom.
  7499 | D:10     | Reached skill level 5 in Stealth
  7972 | D:11     | Noticed a green ugly thing
  7983 | D:11     | Killed a green ugly thing
  8052 | D:11     | Reached skill level 11 in Axes
  8085 | D:11     | Noticed a brown ugly thing
  8094 | D:11     | Killed a brown ugly thing
  8094 | D:11     | Reached XP level 11. HP: 62/81 MP: 11/11
  8098 | D:11     | Gained mutation: You are clumsy. (Dex -2) [mutagenic meat]
  8170 | D:11     | Noticed a two-headed ogre
  8178 | D:11     | Killed a two-headed ogre
  8229 | D:11     | Found a staircase to the Orcish Mines.
  8802 | D:11     | Received a gift from Okawaru
  9048 | D:12     | Reached ****** piety under Okawaru
  9102 | D:12     | Noticed a cyan ugly thing
  9117 | D:12     | Killed a cyan ugly thing
  9175 | D:12     | Found a sparkling altar of Nemelex Xobeh.
  9305 | D:12     | Noticed a deep elf mage
  9309 | D:12     | Killed a deep elf mage
  9337 | D:12     | Killed an unseen horror
  9337 | D:12     | Reached skill level 12 in Axes
  9507 | D:12     | Noticed a tengu warrior
  9527 | D:12     | Killed a tengu warrior
  9590 | D:12     | Noticed a brown ugly thing
  9600 | D:12     | Killed a brown ugly thing
  9615 | D:12     | Found a frozen archway.
  9620 | D:12     | Noticed an ice dragon
  9639 | D:12     | Gained mutation: You have claws for feet. [demonic ancestry]
  9639 | D:12     | Reached XP level 12. HP: 25/91 MP: 12/12
  9640 | D:12     | Killed an ice dragon
  9651 | D:12     | Received a gift from Okawaru
  9672 | IceCv    | Entered an ice cave
  9901 | IceCv    | Reached skill level 1 in Shields
  9951 | IceCv    | Lost mutation: Scrolls take you a little longer to read. [potion of mutation]
  9951 | IceCv    | Lost mutation: You are clumsy. (Dex -2) [potion of mutation]
  9951 | IceCv    | Gained mutation: Your system is resistant to poisons. (rPois) [potion of mutation]
  9951 | IceCv    | Gained mutation: You have a pair of small horns on your head. [potion of mutation]
  9951 | IceCv    | Gained mutation: You are robust. (+10% HP) [potion of mutation]
  9991 | IceCv    | HP: 2/101 [something] (4)]
 10857 | IceCv    | Gained mutation: You have a pair of horns on your head. [mutagenic meat]
 10859 | IceCv    | Gained mutation: You occasionally shout uncontrollably at your foes. [mutagenic meat]
 11193 | D:13     | Noticed a centaur warrior
 11200 | D:13     | Killed a centaur warrior
 11210 | D:13     | Gained mutation: Potions are less effective at restoring your health. [mutagenic meat]
 11211 | D:13     | Gained mutation: Your flesh is cold resistant. (rC+) [mutagenic meat]
 11212 | D:13     | Gained mutation: Your muscles are strong. (Str +2) [mutagenic meat]
 11348 | D:13     | Found a gate to the Vaults.
 11348 | D:13     | Noticed a vault guard
 11358 | D:13     | Killed a vault guard
 11672 | D:13     | Reached skill level 13 in Axes
 11851 | D:13     | Received a gift from Okawaru
 11852 | D:13     | Got a translucent broad axe {god gift}
 11853 | D:13     | Identified the +3 broad axe of slep's Gallantry {chop, Int+7} (Okawaru gifted it to you on level 13 of the Dungeon)
 11960 | D:13     | Identified a scroll of acquirement
 12000 | D:14     | Noticed a death yak
 12026 | D:14     | Killed a death yak
 12035 | D:14     | Noticed a death knight
 12380 | D:14     | Killed a death knight
 12380 | D:14     | Gained mutation: You are surrounded by a strong repulsion field. (EV +4, RMsl) [demonic ancestry]
 12380 | D:14     | Reached XP level 13. HP: 95/110 MP: 13/13
 12536 | D:14     | Noticed Azrael
 12575 | D:14     | Killed from afar by Azrael

Skill      XL: |  1  2  3  4  5  6  7  8  9 10 11 12 13 |
---------------+----------------------------------------+-----
Axes           | 3 4 5 6 8 9 11 12 13 | 13.5
Dodging        | 3 4 5 6 |  6.8
Armour         | 1 2 3 4 5 6 7 8 |  8.2
Stealth        | 1 2 4 5 6 7 |  7.2
Fighting       | 3 5 7 8 |  8.9
Throwing       | 2 3 4 |  4.2
Shields        | 3 4 |  4.1
Evocations     | |  0.8

Action                   |  1- 3 |  4- 6 |  7- 9 | 10-12 | 13-15 || total
-------------------------+-------+-------+-------+-------+-------++-------
Melee: War axe           |    55 |    34 |       |       |       ||    89
       Kick              |     6 |    23 |    65 |   229 |    26 ||   349
       Hand axe          |       |    56 |   193 |   559 |       ||   808
       Headbutt          |       |       |       |    86 |    15 ||   101
       Broad axe         |       |       |       |    44 |    56 ||   100
Throw: Javelin           |       |       |    17 |    17 |     1 ||    35
       Throwing net      |       |       |     1 |       |       ||     1
Evoke: Wand              |       |       |       |     7 |       ||     7
  Use: Potion            |       |       |     2 |     8 |     1 ||    11
       Scroll            |       |       |       |    17 |       ||    17
 Stab: Distracted        |       |     1 |       |       |       ||     1
       Sleeping          |       |       |     5 |    19 |       ||    24
       Invisible         |       |       |     3 |       |       ||     3
  Eat: Chunk             |       |     5 |    13 |    24 |     1 ||    43
       Fruit             |       |       |       |     5 |       ||     5
Armor: Fire dragon scale |    49 |    48 |    43 |    88 |       ||   228
       Leather armour    |     2 |       |       |       |       ||     2
       Skin              |       |       |       |     4 |       ||     4
       Scale mail        |       |       |       |    35 |     7 ||    42
Dodge: Dodged            |    47 |    42 |    95 |   304 |    34 ||   522
       Deflected         |       |       |       |       |     2 ||     2
Block: Other             |       |     7 |    18 |    31 |       ||    56
       Reflection        |       |       |       |     6 |       ||     6
       Buckler           |       |       |       |    96 |    17 ||   113
